Map: Romanticide LE

Players

Pumba

  • Race: Zerg Zerg
  • League: Master
  • Spawn Location: 11:00

Cacty - Winner!

  • Race: Terran Terran
  • League: Master
  • Spawn Location: 5:00

VOD

Have the link to the VOD?

Description

Time

  • Played on: Sept. 7, 2021, 5:40 p.m.
  • Length: 6:52
Show
View Real Time Build Order
Export as new Build Order

Pumba Zerg 

Build Orders: Pool First 

Get SALT Encoding   

  12  0:00  Drone  
  13  0:12  Overlord  
  13  0:17  Drone  
  14  0:31  Drone x2  
  14  0:35  Drone  
  17  0:41  Extractor  
  16  0:46  Spawning Pool  
  15  0:50  Drone  
  15  0:57  Drone  
  17  1:09  Drone  
  18  1:19  Hatchery  
  18  1:23  Drone  
  18  1:35  Zergling x2  
  18  1:38  Queen  
  21  1:44  Metabolic Boost  
  21  1:51  Overlord  
  21  2:02  Drone  
  22  2:14  Queen  
  24  2:23  Zergling x6  
  27  2:33  Overlord  
  26  2:49  Zergling x10  
  31  2:54  Zergling x2  
  32  3:04  Drone x2  
  34  3:08  Hatchery  
  33  3:15  Drone x2  
  35  3:20  Roach Warren  
  35  3:25  Drone  
  35  3:28  Drone  
  36  3:35  Drone x2  
  38  3:41  Drone  
  38  3:42  Drone x2  
  38  3:46  Drone, Extractor  
  41  4:05  Overlord x2  
  37  4:30  Zergling x2  
  37  4:31  Zergling x2  
  34  4:32  Drone x10  
  34  4:38  Queen  
  46  4:44  Evolution Chamber  
  46  4:45  Evolution Chamber  
  44  4:48  Drone x3  
  47  4:56  Spore Crawler, Drone x2  
  45  5:03  Zergling x6  
  44  5:12  Spore Crawler x2  
  44  5:13  Zergling x2  
  40  5:21  Roach x2  
  40  5:26  Roach  
  38  5:37  Roach x3  
  43  5:43  Roach  
  43  5:49  Ravager x2  
  38  5:58  Spawning Pool  
  34  6:16  Ravager x2  
  36  6:19  Roach x2  
  39  6:38  Drone x4  
Show
View Real Time Build Order
Export as new Build Order

Cacty Terran - Winner!

Build Orders: Banshee Rush 

Get SALT Encoding   

  12  0:00  SCV  
  13  0:12  SCV  
  14  0:16  Supply Depot  
  14  0:24  SCV  
  14  0:27  Refinery  
  15  0:38  SCV  
  16  0:44  Barracks  
  16  0:50  SCV  
  17  1:02  SCV  
  18  1:14  SCV  
  18  1:15  Refinery  
  19  1:26  SCV  
  19  1:32  Barracks Reactor  
  20  1:33  Supply Depot  
  20  1:39  Orbital Command  
  20  1:47  Factory  
  20  2:04  SCV  
  20  2:08  Marine x2  
  23  2:16  SCV  
  24  2:24  Supply Depot  
  24  2:26  Marine x2  
  26  2:32  Factory Tech Lab  
  26  2:35  Starport  
  26  2:36  SCV  
  27  2:44  Marine x2  
  27  2:49  SCV  
  30  2:52  Siege Tank  
  33  3:03  Supply Depot, Marine x2  
  35  3:20  Marine x2  
  37  3:29  Banshee, Cloaking Field  
  37  3:31  SCV  
  37  3:32  Factory Tech Lab  
  41  3:37  Supply Depot  
  41  3:38  Marine x2  
  43  3:52  Siege Tank  
  46  4:00  Supply Depot  
  46  4:12  Banshee  
  49  4:22  SCV  
  50  4:24  Widow Mine  
  49  4:36  Marine x2  
  51  4:40  SCV  
  51  4:41  Command Center  
  51  4:44  Supply Depot  
  52  4:46  Widow Mine  
  54  4:53  SCV  
  55  5:05  SCV  
  56  5:07  Marine x2  
  56  5:08  Siege Tank  
  61  5:16  Supply Depot  
  61  5:32  Marine x2  
  63  5:37  Barracks x2  
  63  5:38  Barracks  
  63  5:44  SCV  
  63  5:45  Siege Tank  
  65  6:00  Marine x2  
  66  6:12  Orbital Command  
  66  6:13  SCV  
  67  6:19  Siege Tank  
  67  6:25  SCV  
  69  6:32  Barracks Tech Lab  
  69  6:33  Barracks Reactor, Marine x2  
  69  6:37  SCV  
Tags
 
Add a new tag
Caveats
  • Supply blocks, unpowered buildings, or Contaminate may cause inaccurate times.
  • Supply counts are checked every 10 seconds.